 Dungeon Crawl Stone Soup version 0.29-a0-214-g17f627cfee (webtiles) character file.

Game seed: 3185116348320068554

133 Hasart the Bolt Thrower (level 4, -5/37 HPs)
             Began as a Demigod Hunter on Feb 24, 2022.
             Slain by Sigmund
             ... wielding a +0 scythe
              (11 damage)
             ... on level 3 of the Dungeon.
             The game lasted 00:02:39 (1187 turns).

Hasart the Bolt Thrower (Demigod Hunter)            Turns: 1187, Time: 00:02:39

Health: -5/37      AC:  7    Str: 13    XL:     4   Next: 64%
Magic:  6/6        EV: 13    Int: 13    God:
Gold:   120        SH:  0    Dex: 22    Spells: 3/3 levels left

rFire   + . .      SeeInvis .   k - +10 hand axe of Indignation {flame, rF+ Will+ Dex+4}
rCold   . . .      Faith    .   (no shield)
rNeg    . . .      Spirit   .   b - +0 leather armour
rPois   .          Reflect  .   (no helmet)
rElec   .          Harm     .   (no cloak)
rCorr   .          Rampage  .   (no gloves)
Will    +....                   (no boots)
Stlth   ++........              (no amulet)
HPRegen 0.12/turn               l - +4 ring of protection
MPRegen 0.10/turn               (no ring)

@: no status effects
A: high MP 1, forlorn, divine attributes
a: no special abilities


You were on level 3 of the Dungeon.
You visited 1 branch of the dungeon, and saw 3 of its levels.

You collected 120 gold pieces.

Inventory:

Hand Weapons
 a - a +1 hand crossbow
 k - the +10 hand axe of Indignation (weapon) {flame, rF+ Will+ Dex+4}
   (You found it on level 2 of the Dungeon)

   It burns those it strikes, dealing additional fire damage.
   Big, fiery blades are also staple armaments of hydra-hunters.
   Dex:       It affects your dexterity (+4).
   rF:        It protects you from fire.
   Will:      It increases your willpower.
Armour
 b - a +0 leather armour (worn)
Jewellery
 l - a +4 ring of protection (left hand)
Scrolls
 c - a scroll of acquirement {unknown}
 d - a scroll of vulnerability {unknown}
 f - a scroll of immolation {unknown}
 i - a scroll of identify {unknown}
Potions
 e - 2 potions of brilliance {unknown}
 g - a potion of curing {unknown}
 h - 2 potions of degeneration {unknown}
 j - 2 potions of might {unknown}
 m - a potion of mutation {unknown}


   Skills:
 + Level 2.6 Fighting
 * Level 4.5 Crossbows
 + Level 2.5 Dodging
 + Level 2.1 Stealth


You had 3 spell levels left.
You didn't know any spells.
Your spell library contained the following spells:

 Spells                   Type           Power      Damage    Failure   Level
 Shock                    Conj/Air       0%         1d3       36%         1
 Swiftness                Air            0%         N/A       75%         3
 Airstrike                Air            0%         N/A       98%         4


Dungeon Overview and Level Annotations

Branches:
Dungeon (3/15)

Shops:
D:1 (

Annotations:
D:3 Sigmund


Innate Abilities, Weirdness & Mutations

You have an increased reservoir of magic. (+10% MP)
You shall have no god before yourself.
Your divine heritage dramatically boosts your attributes as you level up.


Message History

e - 2 sapphire potions (gained 1)
Found a robe.
Found a hand axe.
Sigmund the Dreaded comes into view.
He is wielding a +0 scythe.
Sigmund casts a spell.
Sigmund flickers and vanishes!
Deactivating autopickup; reactivate with Ctrl-A.
There is a strange disturbance nearby!
There is a strange disturbance nearby!
No target in view!
Shoot: a) +1 hand crossbow
Press: ? - help, Q - select action Shift-Dir - straight line You shoot a bolt.
Shoot: a) +1 hand crossbow
Press: ? - help, Q - select action Shift-Dir - straight line You shoot a bolt.
Shoot: a) +1 hand crossbow
Press: ? - help, Q - select action Shift-Dir - straight line You shoot a bolt.
You hear some strange, mumbled words.
A puff of flame appears from out of thin air!
The puff of flame hits you!
Shoot: a) +1 hand crossbow
Press: ? - help, Q - select action Shift-Dir - straight line You shoot a bolt.
Something hits you but does no damage.
Unknown command.
You feel agile.
The +10 hand axe of Indignation {flame, rF+ Will+ Dex+4} bursts into flame!
k - the +10 hand axe of Indignation (weapon)
{flame, rF+ Will+ Dex+4} Something hits you.
Unknown command.
You slash something! You burn something. Something hits you!
You barely miss something. You miss something. Something hits you.
You hit something. You burn something. Your punch misses something.
Something hits you.
* * * LOW HITPOINT WARNING * * *
You barely miss something. Something hits you!
You die...

## .. .....^ #. .....
#. ####...# ###.
#......# ... #.##...
#{##.##.# ##.@.....#
#......[..#
#.#.##.##.# )....
#.##.# ....... #..#.#
...........#..#.#
#....##.........#
#.#....####.###.####.#
#.#....# #..........#


There were no monsters in sight!

Vanquished Creatures
  A phantom (D:3)
  An adder (D:2)
  3 bats
  7 endoplasms
  4 giant cockroaches
  4 goblins
  3 hobgoblins
  2 jackals (D:1)
  3 kobolds
  3 quokkas
  8 ball pythons
  A frilled lizard (D:1)
  8 rats
48 creatures vanquished.

Notes
Turn   | Place    | Note
-------+----------+-------------------------------------------
     0 | D:1      | Hasart the Demigod Hunter began the quest for the Orb.
     0 | D:1      | Reached XP level 1. HP: 17/17 MP: 3/3
    50 | D:1      | Reached skill level 1 in Stealth
    90 | D:1      | Reached XP level 2. HP: 19/24 MP: 4/4
   240 | D:1      | Found Tysask's Antique Weapon Shoppe.
   383 | D:1      | Reached skill level 4 in Crossbows
   560 | D:2      | Reached XP level 3. HP: 29/29 MP: 5/5
   774 | D:2      | Identified the +10 hand axe of Indignation {flame, rF+
                  | Will+ Dex+4}
  1065 | D:3      | Noticed a phantom
  1095 | D:3      | Killed a phantom
  1096 | D:3      | Reached XP level 4. HP: 37/37 MP: 6/6
  1177 | D:3      | Noticed Sigmund
  1187 | D:3      | Slain by Sigmund

Illustrated notes

Levels and vault maps discovered:
D:1:      elethiomel_arrival_shortcut, layout_rooms, serial_shops,
          nicolae_diamond_shop
D:2:      layout_rooms, shapermc_ecumenical_altar_notcrosses
D:3:      layout_loops_cross, grunt_decor_arrowhead, uniq_sigmund

Skill      XL: |  1  2  3 |
---------------+----------+-----
Stealth        | 1 2 |  2.1
Fighting       | 2 |  2.6
Dodging        | 2 |  2.5
Crossbows      | 4 |  4.5

Action                   |  1- 3 |  4- 6 || total
-------------------------+-------+-------++-------
Melee: Hand axe          |     4 |     5 ||     9
 Fire: Hand crossbow     |    93 |     4 ||    97
Armor: Leather armour    |     5 |     1 ||     6
Dodge: Dodged            |    12 |       ||    12

Table legend: (Time is in decaauts)
 A = Elapsed time spent in this place.
 B = Non-inter-level travel time spent in this place.
 C = Inter-level travel time spent in this place.
 D = Time resting spent in this place.
 E = Time spent auto-exploring this place.
 F = Levels seen in this place.
 G = Mean time per level.
                   A        B        C        D        E       F      G
               +--------+--------+--------+--------+--------+-----+--------+
         Total |   1219 |   1183 |     36 |      0 |    939 |   3 |  406.3 |
       Dungeon |   1219 |   1183 |     36 |      0 |    939 |   3 |  406.3 |
               +--------+--------+--------+--------+--------+-----+--------+

Top non-repeatable levels by time:
     D:1: 555 daAuts
     D:2: 508 daAuts
     D:3: 155 daAuts
